 Dungeon Crawl Stone Soup version 0.27-a0-811-ga052575696 (webtiles) character file.

Game seed: 13298822084349713547

419 CovertPenguin the Magician (level 6, -6/40 HPs)
             Began as a Djinni Fire Elementalist on Mar 28, 2021.
             Was an Initiate of Ru.
             Mangled by Duvessa
             ... wielding a +0 short sword
              (15 damage)
             ... on level 4 of the Dungeon on Mar 29, 2021.
             The game lasted 00:10:25 (4763 turns).

CovertPenguin the Magician (DjFE)                   Turns: 4763, Time: 00:10:26

Health: -6/40      AC:  3    Str:  7    XL:     6   Next: 93%
Gold:   250        EV: 12    Int: 19    God:    Ru [......] SH:  0 Dex: 13

rFire    + + +     SeeInvis .   p - staff of fire
rCold    x . .     Faith    .   (no shield)
rNeg     . . .     Spirit   .   a - +0 robe
rPois    ∞         Reflect  .   h - +0 helmet
rElec    .         Harm     .   (no cloak)
rCorr    .         Rampage  .   (no gloves)
Will     .....                  (boots unavailable)
Stlth    +.........             s - amulet of the acrobat
HPRegen  0.13/turn              (no ring)
MPRegen  0.00/turn              (no ring)

@: confused, ambrosia-drunk, flying
A: fire resistance 2, cold vulnerability 1, float, innate caster, hp casting,
extra vitality 1
a: Renounce Religion


You were on level 4 of the Dungeon.
You worshipped Ru.
Ru was noncommittal.
You visited 1 branch of the dungeon, and saw 4 of its levels.

You collected 250 gold pieces.

Inventory:

Hand Weapons
 e - a +0 dagger
   (You took it off a kobold on level 1 of the Dungeon)
 g - a +2 dagger of venom
   (You found it on level 2 of the Dungeon)
Missiles
 c - 2 silver javelins
 d - 14 poisoned darts
 i - 8 boomerangs
 m - 47 stones
Armour
 a - a +0 robe (worn)
 h - a +0 helmet (worn)
   (You found it on level 2 of the Dungeon)
 t - a scarf of invisibility
   (You found it on level 4 of the Dungeon)
Magical Staves
 p - a staff of fire (weapon)
   (You found it on level 3 of the Dungeon)
Jewellery
 s - an amulet of the acrobat (around neck)
   (You found it on level 4 of the Dungeon)
Scrolls
 b - 3 scrolls of noise {unknown}
 j - a scroll of teleportation {unknown}
 k - 2 scrolls of enchant armour {unknown}
 l - 3 scrolls of identify {unknown}
 n - a scroll of fog {unknown}
 o - a scroll of blinking {unknown}
 r - a scroll of silence {unknown}
Potions
 f - a potion of curing {unknown}


   Skills:
 - Level 2.3 Short Blades
 - Level 2.1 Dodging
 - Level 1.5 Stealth
 * Level 5.9 Spellcasting


You couldn't memorise any spells.
You knew the following spells:

 Your Spells              Type           Power      Damage    Failure   Level
a - Foxfire               Conj/Fire      100%       2x1d9     1%          1
b - Conjure Flame         Conj/Fire      42%        6-21      3%          3
c - Inner Flame           Hex/Fire       42%        N/A       3%          3
d - Sticky Flame          Conj/Fire      42%        2d6       10%         4
e - Fireball              Conj/Fire      21%        3d10      26%         5
f - Shock                 Conj/Air       100%       1d9       1%          1
g - Passwall              Tmut/Erth      23%        N/A       1%          2
Your spell library was empty.

Dungeon Overview and Level Annotations

Branches:
Dungeon (4/15)
 Temple: D:4-7

Altars:
Dithmenos
Hepliaklqana
Qazlal
Ru
Vehumet
Wu Jian

Annotations:
D:4 1 runed translucent door, Duvessa; xkalkas's ghost, amateur MiFi


Innate Abilities, Weirdness & Mutations

You are immune to poison.
Your flesh is very heat resistant. (rF++)
You are vulnerable to cold. (rC-)
You float through the air rather than walking.
You learn spells naturally, not from books.
Your magical power is your life essence.
You have superior vitality. (+4 HP)


Message History

You feel a surge of power!
You conjure some foxfire!
The foxfire hits Dowan.
You feel a surge of power!
You conjure some foxfire!
The foxfire hits Dowan. x3
You kill Dowan!
You hear a distant scream of rage.
You feel a surge of power!
You conjure some foxfire!
You feel a surge of power!
You conjure some foxfire!
You feel a surge of power!
You conjure some foxfire!
Found a glowing scarf.
Things that are here:
a +0 dagger; a +0 robe An iguana comes into view.
The iguana hisses angrily.
You see here a scarf of invisibility.
You see here a scarf of invisibility.
You feel a surge of power!
You conjure some foxfire!
You feel a surge of power!
You conjure some foxfire!
The foxfire hits the iguana!
You feel a surge of power!
You conjure some foxfire!
The foxfire hits the iguana. x3
You kill the iguana!
t - a scarf of invisibility You now have 250 gold pieces (gained 11).
You start resting.
Duvessa, Sister of Dowan comes into view.
She is wielding a +0 short sword.
You feel a surge of power!
You conjure some foxfire!
Duvessa shouts!
Duvessa goes berserk!
You feel a surge of power!
You conjure some foxfire!
The foxfire hits Duvessa but does no damage.
You feel a surge of power!
You conjure some foxfire!
The foxfire hits Duvessa!
The foxfire hits Duvessa.
You feel a surge of power!
You conjure some foxfire!
The foxfire hits Duvessa.
The foxfire hits Duvessa but does no damage.
The foxfire hits Duvessa.
You feel a surge of power!
You conjure some foxfire!
The foxfire hits Duvessa but does no damage.
The foxfire hits Duvessa.
You feel a surge of power!
You conjure some foxfire!
The foxfire hits Duvessa but does no damage.
Duvessa hits you with a +0 short sword! Duvessa misses you.
You hit Duvessa but do no damage.
The foxfire hits Duvessa but does no damage. x2
The foxfire hits Duvessa.
Duvessa hits you with a +0 short sword!
* * * LOW HITPOINT WARNING * * *
Duvessa hits you with a +0 short sword!
* * * LOW HITPOINT WARNING * * *
It was a potion of ambrosia.
You are confused.
You feel invigorated. Duvessa hits you with a +0 short sword!
You die...

#### ##### ##..####### #
...###....##...#####
#....##........#..#.
##....###............
#..§.§##...##........
###..§@.#....##........
##......e#.......###....
#.............§..####...
#.......................
###..............###....#
#†......).....#.###......
...........(....†.....#.......
.#...............#............
......##.......(.#...##.......


You could see Duvessa (berserk).

Vanquished Creatures
  An ogre (D:2)
  Dowan (D:4)
  An orc priest (D:4)
  2 iguanas
  An orc wizard (D:4)
  A hound skeleton (D:4)
  A howler monkey skeleton (D:4)
  4 gnolls (D:2)
  An adder (D:2)
  A white imp (D:4)
  An adder zombie (D:3)
  A dart slug (D:3)
  5 orcs
  7 ball pythons
  7 endoplasms
  16 giant cockroaches
  8 goblins
  4 hobgoblins
  9 jackals
  7 kobolds
  A quokka (D:3)
  3 bats
  2 frilled lizards (D:1)
  8 rats
93 creatures vanquished.

Vanquished Creatures (others)
  309 foxfires
309 creatures vanquished.

Grand Total: 402 creatures vanquished

Notes
Turn   | Place    | Note
-------+----------+-------------------------------------------
     0 | D:1      | CovertPenguin the Djinni Fire Elementalist began the quest
                  | for the Orb.
     0 | D:1      | Reached XP level 1. HP: 15/15 MP: 0/0
   240 | D:1      | Reached skill level 3 in Spellcasting
   302 | D:1      | Reached XP level 2. HP: 18/21 MP: 0/0
   569 | D:1      | Upgraded the game from 0.27-a0-802-gbe893936b8 to
                  | 0.27-a0-811-ga052575696
  1036 | D:1      | Reached XP level 3. HP: 22/25 MP: 0/0
  1036 | D:1      | Learned a level 1 spell: Shock
  1510 | D:2      | HP: 1/25 [gnoll/+0 whip (4)]
  1518 | D:2      | Reached skill level 4 in Spellcasting
  1518 | D:2      | Reached XP level 4. HP: 2/31 MP: 0/0
  1543 | D:2      | HP: 1/31 [gnoll/+0 whip (3)]
  1554 | D:2      | Reached skill level 1 in Short Blades
  2353 | D:2      | Reached XP level 5. HP: 31/35 MP: 0/0
  2353 | D:2      | Learned a level 2 spell: Passwall
  2598 | D:2      | Noticed an ogre
  2742 | D:2      | Killed an ogre
  3470 | D:3      | Reached skill level 5 in Spellcasting
  3470 | D:3      | Reached XP level 6. HP: 39/40 MP: 0/0
  3831 | D:3      | Found a shadowy altar of Dithmenos.
  3835 | D:3      | Found a sacrificial altar of Ru.
  3835 | D:3      | Found a stormy altar of Qazlal.
  3838 | D:3      | Found an ornate altar of the Wu Jian Council.
  3839 | D:3      | Found a hazy altar of Hepliaklqana.
  3844 | D:3      | Became a worshipper of Ru the Awakened
  4420 | D:4      | Found a runed translucent door.
  4420 | D:4      | Noticed xkalkas's ghost (amateur MiFi)
  4663 | D:4      | Noticed Dowan
  4670 | D:4      | Killed Dowan
  4755 | D:4      | Noticed Duvessa
  4763 | D:4      | Mangled by Duvessa

Illustrated notes

Levels and vault maps discovered:
D:1:      evilmike_arrival_hilbert_curve, layout_basic, serial_glass,
          glass_columns_b, glass_columns_c, glass_columns_a, glass_columns_c,
          glass_columns_a, glass_columns_a
D:2:      minmay_roachtagon, layout_basic, mrwooster_statue_mirror
D:3:      layout_basic, minitemple
D:4:      layout_cave_pools, ebering_ghost_inner_flame, evilmike_ruin_ashenzari,
          uniq_crazy_yiuf_cottage, uniq_duvessa, uniq_edmund

Skill      XL: |  1  2  3  4  5 |
---------------+----------------+-----
Spellcasting   | 3 4 5 |  5.9
Short Blades   | 1 2 |  2.3
Dodging        | |  2.1
Stealth        | |  1.5

Action                   |  1- 3 |  4- 6 || total
-------------------------+-------+-------++-------
Melee: Dagger            |     7 |    20 ||    27
       Club              |     2 |       ||     2
       Staff             |       |     1 ||     1
 Cast: Foxfire           |    67 |   119 ||   186
       Inner Flame       |       |     3 ||     3
       Conjure Flame     |       |     1 ||     1
  Use: Potion            |       |     1 ||     1
Armor: Robe              |     4 |     3 ||     7
Dodge: Dodged            |    14 |    14 ||    28

Table legend: (Time is in decaauts)
 A = Elapsed time spent in this place.
 B = Non-inter-level travel time spent in this place.
 C = Inter-level travel time spent in this place.
 D = Time resting spent in this place.
 E = Time spent auto-exploring this place.
 F = Levels seen in this place.
 G = Mean time per level.
                   A        B        C        D        E       F      G
               +--------+--------+--------+--------+--------+-----+--------+
         Total |   4758 |   4603 |    155 |   1235 |   2691 |   4 | 1189.5 |
       Dungeon |   4758 |   4603 |    155 |   1235 |   2691 |   4 | 1189.5 |
               +--------+--------+--------+--------+--------+-----+--------+

Top non-repeatable levels by time:
     D:2: 2112 daAuts
     D:1: 1333 daAuts
     D:3: 790 daAuts
     D:4: 523 daAuts
